 Dungeon Sprint DCSS version 0.17-a0-1625-g47e540b (webtiles) character file.

32606 Kidiri the Unseen (level 13, -2/49 HPs)
             Began as a Spriggan Enchanter on Aug 3, 2015.
             Was a High Priest of Dithmenos.
             Slain by a spriggan defender
             ... wielding a +0 rapier of protection
              (15 damage)
             ... in the Dungeon (Sprint IV: "Fedhas' Mad Dash").
             The game lasted 00:21:21 (3810 turns).

Kidiri the Unseen (Spriggan Enchanter)              Turns: 3810, Time: 00:21:21

Health: -2/49      AC: 12    Str:  2    XL:     13   Next: 32%
Magic:  16/33      EV: 24    Int: 18    God:    Dithmenos [*****.]
Gold:   329        SH:  9    Dex: 20    Spells: 11 memorised, 13 levels left

rFire  + + +     SeeInvis +     w - +3 quick blade
rCold  + . .     Clarity  +     y - +2 faerie dragon armour {rF++}
rNeg   . . .     SustAt   .     x - +2 buckler {rC+ rF+}
rPois  .         Gourm    .     (helmet restricted)
rElec  .         Spirit   .     (no cloak)
rCorr  .         Warding  .     (gloves unavailable)
rMut   .         NoTele   +     (boots unavailable)
MR     +++..                    (no amulet)
Stlth  ++++++++++               (no ring)
                                k - ring of invisibility

@: very slightly contaminated, wreathed by umbra, very quick, extremely
resistant to hostile enchantments, uncannily stealthy
A: unfitting armour, slimy green scales 1, see invisible, agile 1, clarity,
dopey 1, herbivore 3, speed 3, frail 1, magic resistance 1, slow metabolism 2,
weak 1
a: Shadow Step, Shadow Form, Renounce Religion, Evoke Invisibility


You were in the Dungeon.
You worshipped Dithmenos.
Dithmenos was extremely pleased with you.
You were not hungry.

You visited 1 branch You collected 404 gold pieces.
You spent 75 gold pieces at shops.

Inventory:

Hand weapons
 l - a +1 dagger of venom
 s - a +1 dagger
 w - a +3 quick blade (weapon)
Missiles
 u - 27 stones (quivered)
Armour
 b - a +1 robe
 p - a +2 steam dragon armour
 t - a +1 robe of cold resistance
 x - a +2 buckler of resistance (worn)
 y - the +2 faerie dragon armour (worn) {rF++}
   (You took it off the Enchantress in the Dungeon)

   It greatly protects you from fire.
Jewellery
 k - a ring of invisibility (left hand)
 v - an uncursed amulet of rage
Magical devices
 a - a wand of lightning (2)
Scrolls
 n - a scroll of magic mapping {unknown}
 q - a scroll of immolation {unknown}
Potions
 d - a potion of resistance {unknown}
 e - a potion of curing
 g - a potion of haste
 h - a potion of magic
 i - a potion of berserk rage
 m - a potion of agility {unknown}
Books
 c - a book of Maledictions

   Spells                             Type                      Level
   a - Corona                         Hexes                        1
   b - Ensorcelled Hibernation        Hexes/Ice                    2
   c - Confuse                        Hexes                        3
   d - Tukima's Dance                 Hexes                        3
   e - Dazzling Spray                 Conjuration/Hexes            3
 r - a book of Frost

   Spells                             Type                      Level
   a - Freeze                         Ice                          1
   b - Throw Frost                    Conjuration/Ice              2
   c - Ozocubu's Armour               Charms/Ice                   3
   d - Throw Icicle                   Conjuration/Ice              4
   e - Summon Ice Beast               Ice/Summoning                4
   f - Condensation Shield            Ice                          4
Comestibles
 o - 6 royal jellies


   Skills:
 * Level 14.5 Short Blades
 * Level 8.9 Armour
 * Level 18.5 Dodging
 * Level 19.9 Stealth
 * Level 2.2 Shields
 * Level 15.9 Spellcasting
 + Level 7.1 Conjurations
 + Level 11.9 Hexes
 + Level 10.3 Charms
 + Level 5.9 Summonings
 + Level 8.0 Ice Magic
 - Level 6.9 Invocations
 - Level 9.5 Evocations


You had 13 spell levels left.
You knew the following spells:

 Your Spells              Type           Power        Failure   Level  Hunger
a - Corona                Hex            ######.      1%          1    None
b - Ensorcelled Hibernat  Hex/Ice        ######       1%          2    None
c - Confuse               Hex            ######..     1%          3    None
d - Tukima's Dance        Hex            ######..     1%          3    None
e - Dazzling Spray        Conj/Hex       #####...     1%          3    None
f - Freeze                Ice            ####         1%          1    None
g - Throw Frost           Conj/Ice       #####.       1%          2    None
h - Ozocubu's Armour      Chrm/Ice       #####...     1%          3    None
i - Condensation Shield   Ice            #####.....   8%          4    None
j - Throw Icicle          Conj/Ice       #####...     10%         4    None
k - Summon Ice Beast      Ice/Summ       #####...     12%         4    None


Dungeon Overview and Level Annotations

Branches:
Dungeon (1/1)

Altars:
Cheibriados
Dithmenos
Elyvilon
Gozag
Kikubaaqudgha
Makhleb
Nemelex Xobeh
Okawaru
Qazlal
Ru
Sif Muna
Trog
Vehumet
Xom
Yredelemnul
Zin
The Shining One
Beogh
Jiyva
Lugonu

Shops:
D %?:=((*((}(}(!=}**([(


Innate Abilities, Weirdness & Mutations

You are tiny and cannot use many weapons and most armour.
You have supernaturally acute eyesight.
You are a herbivore.
You cover ground extremely quickly.
You need consume almost no food.
You are partially covered in slimy green scales (AC +2).
You are agile. (Dex +2)
You possess an exceptional clarity of mind.
You are dopey. (Int -2)
You are frail (-10% HP).
You are resistant to hostile enchantments.
You are weak. (Str -2)


Message History

The spriggan defender hits you with a rapier of protection.
* * * LOW HITPOINT WARNING * * *
Things that are here:
a quarterstaff; a robe You see here a spear.
Casting: Dazzling Spray
Confirm with . or Enter, or press ? or * to list all spells.
A chill wind blows around you.
The spriggan defender closely misses you.
The spriggan defender blocks your ice beast's attack.
Your ice beast closely misses the spriggan defender.
The spriggan defender misses you.
Use which ability? (? or * to list)
Okay, then.
The spriggan defender blocks your ice beast's attack.
Casting: Summon Ice Beast
Confirm with . or Enter, or press ? or * to list all spells.
A chill wind blows around you.
The spriggan defender hits you with a rapier of protection!
You die...

.'........)##...P.)'=#
.#####P....'.......### .#
##################
.#####∩∩∩#............#########
.'....∩.∩'............'.......#
.#####∩∩∩#............#######.#
#############################.#
♣..♣.)♣..♣.)♣..♣..♣.)♣..♣..♣..#
........))....Yi@Y.)..........#
♣..♣.)♣..♣..♣..♣..♣.[♣..♣..♣..#
###############################
.....#####....######....§§####
.......................§§§§§§♣
....................#######§§0#
..)........)............. .§§♣#
#.....####....######...y..####
####### ###### ######


You could see a spriggan defender and 2 friendly ice beasts.

Vanquished Creatures
  the Enchantress (D)
  Agnes (D)
  2 ghost moths (D)
  4 spriggan defenders (D)
  5 spriggan berserkers (D)
  4 spriggan druids (D)
  25 oklob plants (D)
  2 moths of wrath (D)
  4 demonic crawlers (D)
  3 wandering mushrooms (D)
  3 burning bushes (D)
  2 queen bees (D)
  9 wasps (D)
  4 killer bees (D)
  2 scorpions (D)
  2 worker ants (D)
  5 oklob saplings (D)
  10 spriggans (D)
  A river rat (D)
  A rat (D)
  2 ballistomycetes (D)
  2 giant spores (D)
94 creatures vanquished.

Vanquished Creatures (collateral kills)
  A spriggan (D)
  A wasp (D)
2 creatures vanquished.

Grand Total: 96 creatures vanquished

Notes
Turn   | Place    | Note
--------------------------------------------------------------
     0 | D        | Kidiri the Spriggan Enchanter began the quest for the Orb.
     0 | D        | Reached XP level 1. HP: 9/9 MP: 5/5
     8 | D        | Reached skill level 5 in Stealth
     8 | D        | Reached XP level 2. HP: 13/13 MP: 7/7
    12 | D        | Learned a level 2 spell: Ensorcelled Hibernation
   124 | D        | Noticed an oklob sapling
   126 | D        | Killed an oklob sapling
   126 | D        | Reached skill level 6 in Stealth
   126 | D        | Reached XP level 3. HP: 16/16 MP: 7/9
   131 | D        | Learned a level 3 spell: Confuse
   135 | D        | Learned a level 3 spell: Tukima's Dance
   146 | D        | Noticed a worker ant
   150 | D        | Killed a worker ant
   150 | D        | Reached skill level 5 in Dodging
   150 | D        | Reached skill level 7 in Stealth
   150 | D        | Reached skill level 1 in Ice Magic
   201 | D        | Noticed an oklob sapling
   204 | D        | Killed an oklob sapling
   204 | D        | Reached skill level 5 in Spellcasting
   204 | D        | Reached skill level 1 in Evocations
   204 | D        | Reached XP level 4. HP: 21/21 MP: 9/12
   217 | D        | Found a snail-covered altar of Cheibriados.
   217 | D        | Found a glowing silver altar of Zin.
   217 | D        | Found a white marble altar of Elyvilon.
   217 | D        | Found a viscous altar of Jiyva.
   217 | D        | Found a radiant altar of Vehumet.
   217 | D        | Found a deep blue altar of Sif Muna.
   217 | D        | Found an ancient bone altar of Kikubaaqudgha.
   217 | D        | Found a bloodstained altar of Trog.
   217 | D        | Found a corrupted altar of Lugonu.
   217 | D        | Noticed an oklob sapling priest
   218 | D        | Found a burning altar of Makhleb.
   218 | D        | Found a sacrificial altar of Ru.
   219 | D        | Found a glowing golden altar of the Shining One.
   219 | D        | Found a sparkling altar of Nemelex Xobeh.
   220 | D        | Found a shadowy altar of Dithmenos.
   221 | D        | Found an iron altar of Okawaru.
   221 | D        | Found a shimmering altar of Xom.
   222 | D        | Found an opulent altar of Gozag.
   223 | D        | Found a basalt altar of Yredelemnul.
   223 | D        | Found a roughly hewn altar of Beogh.
   224 | D        | Killed an oklob sapling priest
   224 | D        | Reached skill level 8 in Stealth
   224 | D        | Reached skill level 5 in Hexes
   225 | D        | Found a stormy altar of Qazlal.
   230 | D        | Became a worshipper of Dithmenos the Shadowed
   235 | D        | Learned a level 3 spell: Dazzling Spray
   348 | D        | Noticed an oklob sapling wizard
   359 | D        | Killed an oklob sapling wizard
   359 | D        | Reached skill level 5 in Short Blades
   359 | D        | Reached XP level 5. HP: 24/24 MP: 11/14
   500 | D        | Noticed a scorpion
   503 | D        | Reached skill level 1 in Invocations
   509 | D        | Reached skill level 9 in Stealth
   509 | D        | Reached skill level 1 in Conjurations
   514 | D        | Killed a scorpion
   542 | D        | HP: 1/24 [poisoned by a scorpion]
   833 | D        | Found Vunuon's Jewellery Shop.
   833 | D        | Found Xantun's Distillery.
   837 | D        | Bought a potion of mutation for 25 gold pieces
   837 | D        | Bought 2 potions of mutation for 50 gold pieces
   837 | D        | Gained mutation: You are partially covered in slimy green scales (AC +2). [potion of mutation]
   837 | D        | Gained mutation: You are resistant to hostile enchantments. [potion of mutation]
   838 | D        | Gained mutation: You possess an exceptional clarity of mind. [potion of mutation]
   838 | D        | Gained mutation: You are frail (-10% HP). [potion of mutation]
   838 | D        | Gained mutation: You are weak. (Str -2) [potion of mutation]
   839 | D        | Gained mutation: You are dopey. (Int -2) [potion of mutation]
   839 | D        | Gained mutation: You are agile. (Dex +2) [potion of mutation]
   843 | D        | Noticed a burning bush
   843 | D        | Noticed a wandering mushroom
   844 | D        | Noticed a scorpion
   844 | D        | Noticed a wandering mushroom
   846 | D        | Killed a wandering mushroom
   846 | D        | Reached skill level 10 in Stealth
   846 | D        | Reached XP level 6. HP: 25/25 MP: 14/17
   848 | D        | Killed a burning bush
   848 | D        | Reached skill level 11 in Stealth
   848 | D        | Reached skill level 5 in Evocations
   848 | D        | Reached XP level 7. HP: 28/28 MP: 15/20
   849 | D        | Killed a wandering mushroom
   849 | D        | Reached skill level 10 in Dodging
   851 | D        | Killed a scorpion
   865 | D        | Found Vafax's Antique Weapon Emporium.
   865 | D        | Found Gixzan's General Store.
  1009 | D        | Noticed a queen bee
  1009 | D        | Noticed a killer bee
  1010 | D        | Noticed a killer bee
  1013 | D        | Noticed a killer bee
  1014 | D        | Noticed a killer bee
  1017 | D        | Killed a killer bee
  1017 | D        | Acquired Dithmenos's first power
  1017 | D        | Killed a killer bee
  1017 | D        | Reached XP level 8. HP: 29/32 MP: 11/22
  1020 | D        | Killed a killer bee
  1022 | D        | Killed a killer bee
  1025 | D        | Killed a queen bee
  1025 | D        | Reached skill level 12 in Stealth
  1130 | D        | Noticed an oklob plant
  1133 | D        | Killed an oklob plant
  1133 | D        | Reached skill level 10 in Spellcasting
  1146 | D        | Noticed a burning bush
  1149 | D        | Killed a burning bush
  1149 | D        | Acquired Dithmenos's second power
  1242 | D        | Noticed an oklob sapling
  1242 | D        | Noticed a burning bush
  1242 | D        | Noticed an oklob plant
  1243 | D        | Noticed a wandering mushroom
  1244 | D        | Killed a burning bush
  1244 | D        | Reached skill level 1 in Armour
  1244 | D        | Reached skill level 13 in Stealth
  1244 | D        | Reached XP level 9. HP: 35/35 MP: 21/24
  1249 | D        | Killed an oklob plant
  1249 | D        | Reached skill level 5 in Invocations
  1251 | D        | Killed an oklob sapling
  1253 | D        | Killed a wandering mushroom
  1273 | D        | Noticed a spriggan druid
  1275 | D        | Killed a spriggan druid
  1275 | D        | Reached skill level 14 in Stealth
  1291 | D        | Noticed an oklob plant conjurer
  1292 | D        | Killed an oklob plant conjurer
  1292 | D        | Reached skill level 10 in Short Blades
  1292 | D        | Reached skill level 5 in Ice Magic
  1301 | D        | Learned a level 1 spell: Freeze
  1304 | D        | Learned a level 2 spell: Throw Frost
  1308 | D        | Learned a level 3 spell: Ozocubu's Armour
  1313 | D        | Learned a level 4 spell: Condensation Shield
  1318 | D        | Learned a level 4 spell: Throw Icicle
  1323 | D        | Learned a level 4 spell: Summon Ice Beast
  1401 | D        | Noticed an oklob plant
  1401 | D        | Noticed an oklob plant summoner
  1402 | D        | Noticed an oklob plant shifter
  1408 | D        | Killed an oklob plant summoner
  1408 | D        | Reached skill level 1 in Charms
  1411 | D        | Killed an oklob plant shifter
  1411 | D        | Reached XP level 10. HP: 39/39 MP: 26/26
  1618 | D        | Killed an oklob plant
  1618 | D        | Reached skill level 1 in Summonings
  1811 | D        | Noticed a demonic crawler
  1813 | D        | Killed a demonic crawler
  1815 | D        | Noticed a spriggan rider
  1815 | D        | Noticed a spriggan
  1815 | D        | Noticed a spriggan
  1816 | D        | Found Ituts's Antique Armour Emporium.
  1819 | D        | Killed a spriggan
  1821 | D        | Found Zyastrape's Weapon Shoppe.
  1822 | D        | Killed a spriggan
  1822 | D        | Acquired Dithmenos's third power
  1824 | D        | Killed a spriggan rider
  1824 | D        | Killed a wasp
  1824 | D        | Reached skill level 15 in Stealth
  1967 | D        | Noticed Agnes
  1969 | D        | Found Wim Hid's Gadget Emporium.
  1969 | D        | Noticed a spriggan berserker
  1973 | D        | Killed a spriggan berserker
  1976 | D        | Found Gitwah's General Store.
  1977 | D        | Killed Agnes
  1977 | D        | Reached XP level 11. HP: 42/42 MP: 25/28
  1982 | D        | Noticed a spriggan defender
  1989 | D        | Killed a spriggan defender
  1989 | D        | Acquired Dithmenos's fourth power
  1989 | D        | Reached skill level 5 in Armour
  1989 | D        | Reached skill level 16 in Stealth
  1989 | D        | Reached skill level 5 in Conjurations
  1989 | D        | Reached skill level 5 in Charms
  2010 | D        | Noticed a spriggan rider
  2013 | D        | Noticed a spriggan
  2014 | D        | Killed a spriggan rider
  2014 | D        | Killed a wasp
  2017 | D        | Killed a spriggan
  2017 | D        | Reached skill level 15 in Dodging
  2022 | D        | Noticed a wasp
  2022 | D        | Noticed a demonic crawler
  2022 | D        | Noticed a ghost moth
  2115 | D        | Found Regee's Food Shoppe.
  2115 | D        | Found Nuowai's Magic Scroll Boutique.
  2115 | D        | Found Vis Qedd's Book Emporium.
  2118 | D        | Killed a wasp
  2119 | D        | Killed a demonic crawler
  2121 | D        | Killed a ghost moth
  2168 | D        | Noticed an oklob plant shifter
  2168 | D        | Noticed an oklob plant meteorologist
  2170 | D        | Killed an oklob plant meteorologist
  2170 | D        | Reached skill level 10 in Hexes
  2179 | D        | Killed an oklob plant shifter
  2195 | D        | Noticed a demonic crawler
  2195 | D        | Noticed a wasp
  2196 | D        | Noticed a spriggan rider
  2196 | D        | Noticed a wasp
  2197 | D        | Killed a wasp
  2198 | D        | Killed a demonic crawler
  2200 | D        | Killed a spriggan rider
  2200 | D        | Killed a wasp
  2200 | D        | Reached skill level 17 in Stealth
  2202 | D        | Killed a wasp
  2248 | D        | Found Rav Qeod's Antique Weapon Shoppe.
  2248 | D        | Found Vikyez's Weapon Boutique.
  2248 | D        | Found Vaekhul's Jewellery Shop.
  2248 | D        | Found Deremm's Weapon Emporium.
  2248 | D        | Found Mupawn's General Store.
  2249 | D        | Found Lewime's Gadget Emporium.
  2249 | D        | Found Byninej's Weapon Shop.
  2249 | D        | Found Fyhicwocacs's Antique Weapon Boutique.
  2270 | D        | Noticed an oklob plant
  2270 | D        | Noticed an oklob plant
  2270 | D        | Noticed an oklob plant
  2270 | D        | Noticed an oklob plant
  2270 | D        | Noticed an oklob plant
  2270 | D        | Noticed an oklob plant
  2300 | D        | Noticed an oklob plant summoner
  2301 | D        | Found Puafrem's Gadget Emporium.
  2302 | D        | Found Akum's Antique Weapon Shop.
  2304 | D        | Killed an oklob plant summoner
  2309 | D        | Noticed an oklob plant annihilator
  2310 | D        | Noticed an oklob plant demonologist
  2310 | D        | Noticed a spriggan berserker
  2314 | D        | Killed a spriggan berserker
  2315 | D        | Killed an oklob plant demonologist
  2317 | D        | Killed an oklob plant annihilator
  2392 | D        | Noticed a worker ant
  2394 | D        | Killed a worker ant
  2507 | D        | Noticed an oklob plant
  2508 | D        | Killed an oklob plant
  2509 | D        | Noticed an oklob plant
  2510 | D        | Killed an oklob plant
  2510 | D        | Reached XP level 12. HP: 45/45 MP: 27/30
  2511 | D        | Noticed an oklob plant
  2519 | D        | Noticed an oklob plant
  2547 | D        | Killed an oklob plant
  2668 | D        | Killed an oklob plant
  2670 | D        | Noticed an oklob plant
  2673 | D        | Noticed an oklob plant
  2675 | D        | Killed an oklob plant
  2676 | D        | Killed an oklob plant
  2677 | D        | Killed an oklob plant
  2679 | D        | Killed an oklob plant
  2679 | D        | Reached skill level 18 in Stealth
  2693 | D        | Killed an oklob plant
  2703 | D        | Killed an oklob plant
  2705 | D        | Killed an oklob plant
  2711 | D        | Killed an oklob plant
  2982 | D        | Noticed a spriggan defender
  2982 | D        | Noticed a spriggan defender
  2985 | D        | Noticed a spriggan druid
  2986 | D        | Killed a spriggan defender
  2987 | D        | Killed a spriggan defender
  2994 | D        | Killed a spriggan druid
  2994 | D        | Reached skill level 5 in Summonings
  3134 | D        | Noticed a spriggan druid
  3137 | D        | Noticed a spriggan berserker
  3138 | D        | Killed a spriggan druid
  3139 | D        | Noticed a spriggan rider
  3139 | D        | Noticed a spriggan rider
  3139 | D        | Noticed a spriggan berserker
  3140 | D        | Killed a spriggan berserker
  3141 | D        | Killed a spriggan berserker
  3141 | D        | Reached skill level 15 in Spellcasting
  3157 | D        | Killed a wasp
  3163 | D        | Killed a spriggan
  3173 | D        | Killed a spriggan
  3174 | D        | Killed a wasp
  3419 | D        | Noticed a spriggan defender
  3419 | D        | Noticed a spriggan druid
  3426 | D        | Killed a spriggan defender
  3426 | D        | Reached skill level 19 in Stealth
  3427 | D        | Killed a spriggan druid
  3433 | D        | Noticed the Enchantress
  3436 | D        | Killed the Enchantress
  3436 | D        | Reached XP level 13. HP: 49/49 MP: 24/33
  3438 | D        | Got a faerie dragon armour
  3449 | D        | Identified the +2 faerie dragon armour {rF++} (You took it off the Enchantress in the Dungeon)
  3479 | D        | Noticed a demonic crawler
  3479 | D        | Noticed an oklob plant annihilator
  3480 | D        | Noticed an oklob plant demonologist
  3481 | D        | Killed a demonic crawler
  3482 | D        | Noticed a wasp
  3483 | D        | Killed an oklob plant demonologist
  3485 | D        | Killed an oklob plant annihilator
  3485 | D        | Reached skill level 10 in Charms
  3489 | D        | Killed a wasp
  3489 | D        | Reached skill level 1 in Shields
  3493 | D        | Noticed a moth of wrath
  3493 | D        | Noticed a spriggan rider
  3495 | D        | Noticed a queen bee
  3496 | D        | Killed a moth of wrath
  3497 | D        | Killed a queen bee
  3499 | D        | Killed a spriggan rider
  3499 | D        | Killed a wasp
  3506 | D        | Noticed a ghost moth
  3506 | D        | Noticed a spriggan berserker
  3509 | D        | Killed a spriggan berserker
  3515 | D        | Killed a ghost moth
  3714 | D        | Noticed a moth of wrath
  3714 | D        | Noticed a moth of wrath
  3716 | D        | Noticed a spriggan defender
  3717 | D        | Killed a moth of wrath
  3718 | D        | Noticed a spriggan defender
  3810 | D        | Slain by a spriggan defender

Vault maps used:
D:        dungeon_sprint_fedhas

Action                   |  1- 3 |  4- 6 |  7- 9 | 10-12 | 13-15 || total
-------------------------+-------+-------+-------+-------+-------++-------
Melee: Dagger            |     7 |    15 |    17 |    82 |       ||   121
       Quick blade       |       |       |       |    13 |    12 ||    25
Throw: Stone             |       |       |       |     2 |       ||     2
 Cast: Ensorcelled Hiber |     1 |       |       |     4 |     1 ||     6
       Dazzling Spray    |       |     2 |     6 |    16 |     9 ||    33
       Confuse           |       |       |       |     3 |     1 ||     4
       Throw Icicle      |       |       |       |     1 |       ||     1
       Tukima's Dance    |       |       |       |     2 |       ||     2
       Summon Ice Beast  |       |       |       |     1 |     5 ||     6
Invok: Shadow Step       |       |       |       |    12 |     6 ||    18
 Abil: Evoke Invisibilit |     1 |     3 |     4 |    11 |     2 ||    21
Evoke: Wand              |       |       |     1 |       |       ||     1
  Use: Potion            |       |     3 |       |     2 |     2 ||     7
       Scroll            |       |       |       |       |     1 ||     1
 Stab: Sleeping          |     4 |     4 |    11 |    37 |     9 ||    65
       Invisible         |       |     3 |     3 |     9 |     1 ||    16
  Eat: Bread ration      |       |       |     1 |       |       ||     1
       Royal jelly       |       |       |       |     3 |       ||     3
